AoeStats.net
1058 live
← back

QS Arena

503240653Analyzed
2v2 RM · 3h ago on Aug 30, 2026· 38m 18s· 4 players
Game mode
Random Map
Map size
Medium (4 player)
Population
200
Speed
Normal
Resources
Standard
Victory
Conquest
Starting age
Dark Age
Ending age
Imperial Age
RankedLock teamsTeams togetherTeam positionsShared explorationLock speedFull tech treeHidden civsTurbo modeCheats
Victory
Defeat
🇨🇱 Mongols · Chile
1034
+13
🇧🇷 Spanish · Brazil
996
+15
🇺🇸 Bulgarians · United States
1047
-17
🇬🇧 Tatars · United Kingdom
895
-11
LDRI | LucanoO
6:49 Feudal Age
9:03 Loom
11:09 Castle Age
11:36 Stone Mining
12:06 Horse Collar
12:48 Double-Bit Axe
13:33 Gold Mining
15:02 Wheelbarrow
15:52 Fletching
16:55 Heavy Plow
19:25 Bodkin Arrow
20:02 Padded Archer Armor
27:13 Bloodlines
29:46 Bow Saw
30:26 Leather Archer Armor
34:22 Imperial Age
37:50 Cavalier
38:09 Hand Cart
38:12 Two-Man Saw
pegador
5:56 Loom
6:46 Feudal Age
9:21 Wheelbarrow
10:23 Castle Age
12:57 Town Watch
13:28 Hand Cart
13:39 Horse Collar
14:54 Double-Bit Axe
19:46 Forging
21:01 Bloodlines
22:21 Iron Casting
25:04 Fletching
25:04 Padded Archer Armor
26:41 Scale Barding Armor
28:40 Bodkin Arrow
30:05 Chain Barding Armor
33:10 Heavy Plow
35:19 Husbandry
reflife32
0:13 Loom
6:57 Feudal Age
13:29 Horse Collar
13:51 Gold Mining
14:18 Castle Age
15:56 Double-Bit Axe
17:08 Forging
17:52 Heavy Plow
17:54 Fletching
17:56 Scale Barding Armor
18:30 Iron Casting
21:31 Bow Saw
21:37 Gold Shaft Mining
23:23 Wheelbarrow
25:05 Bodkin Arrow
26:45 Murder Holes
26:46 Ballistics
28:18 Stone Mining
28:47 Imperial Age
29:47 Hand Cart
31:33 Chain Barding Armor
32:38 Bracer
32:39 Blast Furnace
33:28 Crop Rotation
36:59 Husbandry
37:00 Bloodlines
37:03 Plate Barding Armor
37:21 Cavalier
37:59 Light Cavalry
SwaedOff245
0:10 Loom
7:55 Feudal Age
10:06 Town Watch
10:21 Horse Collar
10:25 Double-Bit Axe
13:46 Castle Age
14:14 Wheelbarrow
14:18 Horse Collar
14:24 Double-Bit Axe
20:51 Squires
22:25 Pikeman
25:50 Town Patrol
28:03 Forging
34:20 Treadmill Crane
35:14 Elite Skirmisher
Connection lost

Rejoining the realm…

Still unreachable

The connection could not be restored.

Session expired

The server has moved on; the page needs a fresh start.